cohdb
Replays
Latest Replays
All Replays
Popular Replays
Top Player Replays
Match Explorer
How It Works
Community
CoH3 Stats
Reddit
Sign in to upload your games and track your stats! →
Sign in with Steam
Match 42858850
Unlisted
Match 42858850
Overview
Messages
Build Orders
End
Kradschützen Motorcycle Team
Selects Armored Support Battlegroup
Panzergrenadier Squad
Panzergrenadier Squad
Construct Light Support Kompanie
Panzerjäger Squad
Fire Support Elements
Veteran Squad Leaders
Vehicle Survival Package
2.5-tonne Medical Truck
Tungsten Core Ammunition
Construct Panzerarmee Kommand
Pak 38 Mechanized Group
Combat Half-tracks
Panzer III L Medium Tank
Selects Veteran Gunners
Emergency Repair Kits
Selects Flammpanzer III Medium Tank
Rapid Advance
Panzer III L Medium Tank
Panzer III L Medium Tank
Advanced Field Repairs
Panzer III L Medium Tank
Panzer III L Medium Tank
Hk
Jarkke
Setti-Veke
TacticalAssault
JANISSARY-TR
Я В ПОТОКЕ
0
0
Comments
sign in to comment!
No comments posted yet!